 Dungeon Crawl Stone Soup version 0.31-a0-986-g5e6e4ef867 (webtiles) character file.

Game seed: 563087163445049283

511 LadyBoffin the Magician (level 6, 0/34 HPs)
             Began as a Deep Elf Earth Elementalist on Nov 7, 2023.
             Was an Initiate of Vehumet.
             Slain by Dowan
             ... wielding a +6 dagger of venom
              (5 damage)
             ... on level 4 of the Dungeon.
             The game lasted 00:14:48 (3217 turns).

LadyBoffin the Magician (DEEE)                      Turns: 3217, Time: 00:14:48

Health: 0/34       AC:  2    Str:  2 (5)  XL:     6   Next: 99%
Magic:  1/17       EV: 12    Int: 20 (22) God:    Vehumet [......]
Gold:   187        SH:  0    Dex: 13 (15) Spells: 13/17 levels left

rFire   . . .        h - staff of poison
rCold   . . .        (no shield)
rNeg    . . .        a - +0 robe
rPois   +            (no helmet)
rElec   .            (no cloak)
rCorr   .            (no gloves)
SInv    .            (no boots)
Will    .....        (no amulet)
Stlth   ++           (no ring)
HPRegen 0.25/turn    (no ring)
MPRegen 0.15/turn

%: no passive effects
@: mighty, lethally poisoned (0 -> -15)
A: no striking features
a: Renounce Religion


You were on level 4 of the Dungeon.
You worshipped Vehumet.
Vehumet was noncommittal.
You visited 2 branches of the dungeon, and saw 5 of its levels.

You collected 187 gold pieces.

Inventory:

Armour
 a - a +0 robe (worn)
Magical Staves
 h - a staff of poison (weapon)
Wands
 r - a wand of mindburst (16)
 t - a wand of quicksilver (14)
Scrolls
 c - a scroll of fog {unknown}
 d - a scroll of torment {unknown}
 f - a scroll of immolation {unknown}
 m - 4 scrolls of teleportation
 o - a scroll of revelation
 q - a scroll of vulnerability {unknown}
 u - a scroll of enchant armour {unknown}
Potions
 b - a potion of magic
 e - a potion of heal wounds {unknown}
 g - 2 potions of cancellation
 j - 4 potions of enlightenment
 k - 2 potions of mutation
 n - a potion of lignification {unknown}
 s - a potion of curing {unknown}


   Skills:
 + Level 1.2 Fighting
 + Level 2.6 Dodging
 + Level 3.1 Stealth
 + Level 6.0 Spellcasting
 * Level 3.1 Conjurations
 + Level 1.1 Transmutations
 + Level 6.0 Earth Magic


You had 13 spell levels left.
You knew the following spells:

 Your Spells              Type           Power      Damage    Failure   Level
a - Sandblast             Erth           60%        2d14      1%          1
b - Stone Arrow           Conj/Erth      48%        3d10      4%          3

Your spell library contained the following spells:

 Spells                   Type           Power      Damage    Failure   Level
 Passwall                 Tmut/Erth      16%        N/A       3%          2
 Apportation              Tloc           12%        N/A       11%         1
 Jinxbite                 Hex            12%        N/A       16%         2
 Dazzling Flash           Conj/Hex       24%        N/A       16%         3
 Brom's Barrelling Bould  Conj/Erth      24%        2d5       16%         4
 Petrify                  Tmut/Erth      20%        N/A       24%         4
 Alistair's Intoxication  Tmut/Pois      8%         N/A       93%         5
 Agony                    Necr           6%         N/A       96%         5
 Silence                  Hex/Air        3%         N/A       96%         5


Dungeon Overview and Level Annotations

Branches:
Dungeon (4/15)             Temple (1/1) D:4

Altars:
Cheibriados
Dithmenos
Elyvilon
Gozag
Hepliaklqana
Kikubaaqudgha
Makhleb
Okawaru
Sif Muna
Trog
Vehumet
Wu Jian
Zin
The Shining One

Annotations:
D:4 Dowan


Message History

Casting: Stone Arrow (dangerous; 4% risk of failure)
Confirm with . or Enter, or press ? or * to list all spells.
Aiming: Stone Arrow (dangerous; 4% risk of failure)
Press: ? - help, Shift-Dir - straight line Unknown command.
Casting: Stone Arrow (dangerous; 4% risk of failure)
Confirm with . or Enter, or press ? or * to list all spells.
You don't have enough magic to cast this spell.
Unknown command.
Unknown command.
Casting: Stone Arrow (dangerous; 4% risk of failure)
Confirm with . or Enter, or press ? or * to list all spells.
Aiming: Sandblast (safe; 1% risk of failure)
Press: ? - help, Shift-Dir - straight line, f - Dowan
Aim: Dowan, wielding a +6 dagger of venom and wearing a +0 robe (moderately wounded, fast, 78% to hit)
The blast of sand misses Dowan.
Dowan hits you with a +6 dagger of venom.
You are poisoned.
Aiming: Mindburst
Press: ? - help, Shift-Dir - straight line, f/p - Dowan
Aim: Dowan, wielding a +6 dagger of venom and wearing a +0 robe (moderately wounded, fast, chance to affect: 64%) Dowan struggles to resist.
You feel very sick.
Dowan casts a spell.
Dowan blinks!
Dowan hits you with a +6 dagger of venom.
You are lethally poisoned!
It was a potion of might.
You feel very mighty all of a sudden.
You feel very sick.
Dowan hits you with a +6 dagger of venom.
It was a potion of degeneration.
There was something very wrong with that liquid.
You feel weakened.
You feel dopey.
You feel clumsy.
* * * LOW HITPOINT WARNING * * *
You feel very sick.
Dowan hits you with a +6 dagger of venom.
* * * LOW HITPOINT WARNING * * *
Dowan hits you with a +6 dagger of venom.
You die...

#...............................
#..............................#
#...............................
##..............:................
..............................<..
...........>.)...................
.............................#...
..............!..e...............
................@................
...............................#.
...............................#.
...###############.###...........
...# ### #...#.#...#. ...#
#.....#.###. ...# #.......###.
#### #.......###. #####.### #.


You could see Dowan (fast).

Vanquished Creatures
  Sigmund (D:2)
  Duvessa (D:4)
  A scorpion (D:4)
  A hound (D:4)
  A sleepcap (D:4)
  Natasha (thrice) (D:2)
  2 adders
  An orc (D:3)
  8 endoplasms
  3 goblins
  8 hobgoblins
  5 kobolds
  2 quokkas
  9 ball pythons
  7 bats
  2 rats
55 creatures vanquished.

Notes
Turn   | Place    | Note
-------+----------+-------------------------------------------
     0 | D:1      | LadyBoffin the Deep Elf Earth Elementalist began the quest
                  | for the Orb.
     0 | D:1      | Reached XP level 1. HP: 10/10 MP: 6/6
   175 | D:1      | Found a faded altar of an unknown god.
   215 | D:1      | Reached XP level 2. HP: 15/15 MP: 6/8
   972 | D:2      | Noticed Natasha
   974 | D:2      | Killed Natasha
   975 | D:2      | Reached XP level 3. HP: 19/19 MP: 7/10
  1029 | D:2      | Found an opulent altar of Gozag.
  1047 | D:2      | Learned a level 3 spell: Stone Arrow
  1069 | D:2      | Noticed Sigmund
  1172 | D:2      | Noticed Natasha
  1178 | D:2      | Killed Natasha
  1179 | D:2      | Reached skill level 1 in Fighting
  1179 | D:2      | Reached XP level 4. HP: 4/25 MP: 7/12
  1336 | D:2      | Noticed Natasha
  1342 | D:2      | Killed Natasha
  1519 | D:2      | Killed Sigmund
  1520 | D:2      | Reached skill level 5 in Spellcasting
  1520 | D:2      | Reached skill level 5 in Earth Magic
  1520 | D:2      | Reached XP level 5. HP: 8/29 MP: 9/14
  1763 | D:3      | Reached XP level 6. HP: 30/34 MP: 11/15
  2190 | D:4      | Identified the of Wuonycum
  2345 | D:4      | Found a staircase to the Ecumenical Temple.
  2428 | Temple   | Entered the Ecumenical Temple
  2438 | Temple   | Became a worshipper of Vehumet
  2595 | D:4      | Noticed Dowan
  2977 | D:4      | Found a bloodstained altar of Trog.
  3054 | D:4      | Noticed Duvessa
  3212 | D:4      | Killed Duvessa
  3217 | D:4      | Slain by Dowan

Illustrated notes

Levels and vault maps discovered:
D:1:      beargit_arrival_diablo_church, layout_basic,
          hellmonk_ecumenical_altar_zigzags
D:2:      layout_basic, basic_altar, uniq_natasha, uniq_sigmund
D:3:      layout_rooms
D:4:      layout_basic, mainiacjoe_overflow_tiny_flanked, temple_hall,
          uniq_duvessa
Temple:   compressed_dpeg_triangle_lava_temple

Skill      XL: |  1  2  3  4  5  6 |
---------------+-------------------+-----
Earth Magic    | 4 5 6 |  6.0
Fighting       | 1 |  1.2
Spellcasting   | 4 5 6 |  6.0
Stealth        | 3 |  3.1
Conjurations   | 2 3 |  3.1
Dodging        | |  2.6
Transmutations | |  1.1

Action                     |  1- 3 |  4- 6 || total
---------------------------+-------+-------++-------
   Cast: Sandblast         |    31 |    28 ||    59
         Stone Arrow       |       |    28 ||    28
  Evoke: Wand              |       |     1 ||     1
    Use: Scroll            |     1 |     4 ||     5
         Potion            |       |     2 ||     2
 Armour: Robe              |     4 |    16 ||    20
  Dodge: Dodged            |     5 |     9 ||    14

Table legend: (Time is in decaauts)
 A = Elapsed time spent in this place.
 B = Non-inter-level travel time spent in this place.
 C = Inter-level travel time spent in this place.
 D = Time resting spent in this place.
 E = Time spent auto-exploring this place.
 F = Levels seen in this place.
 G = Mean time per level.
                   A        B        C        D        E       F      G
               +--------+--------+--------+--------+--------+-----+--------+
         Total |   3253 |   2729 |    524 |    572 |   1728 |   5 |  650.6 |
       Dungeon |   3237 |   2723 |    514 |    572 |   1728 |   4 |  809.2 |
        Temple |     15 |      5 |     10 |      0 |      0 |   1 |   15.0 |
               +--------+--------+--------+--------+--------+-----+--------+

Top non-repeatable levels by time:
     D:4: 1013 daAuts
     D:1: 885 daAuts
     D:2: 846 daAuts
     D:3: 492 daAuts
  Temple: 15 daAuts
